Predators vs Blue Jackets
(R1)
Created - December 7, 2021 at 19:17
Goals
|
| Predators |
2 |
2 |
1 |
1 |
6 |
| Blue Jackets |
1 |
3 |
1 |
0 |
5 |
|
Shots
|
| Predators |
13 |
8 |
14 |
4 |
39 |
| Blue Jackets |
10 |
18 |
7 |
0 |
35 |
|
1st period
1. Blue Jackets , Cody Hodgson 1 (Cam Fowler 1) at 1:46
2. Predators , Mark Pysyk 1 (Justin Abdelkader 1) at 7:34
3. Predators , Mikael Granlund 2 (Alexander Ovechkin 2, Nate Schmidt 1) at 15:53
Penalties :
Anton Gustafsson (Nas) for Holding (Minor) at 2:48, Brandon Bollig (Clb) for Hooking (Minor) at 5:12
2nd period
4. Blue Jackets , Artemi Panarin 1 (Tyler Seguin 1, Cam Fowler 2) at 0:34 (PP)
5. Blue Jackets , Devin Setoguchi 1 (Mike Lundin 3, Shea Theodore 1) at 3:41
6. Predators , Ryan Kesler 1 (Mikael Granlund 2) at 5:08 (PP)
7. Predators , Andy Miele 1 (Alexander Edler 1, Ryan Mcdonagh 1) at 9:53
8. Blue Jackets , Mike Lundin 1 (Artemi Panarin 2, Rick DiPietro) at 11:14 (PP)
Penalties :
Brendan Gallagher (Nas) for Hooking (Minor) at 0:21, Eric Wellwood (Clb) for Hooking (Minor) at 4:25, Justin Abdelkader (Nas) for Hooking (Minor) at 11:05, Andy Miele (Nas) for High sticking (Minor) at 11:56
3rd period
9. Blue Jackets , Cody Hodgson 2 (Mike Lundin 4, Cam Fowler 3) at 15:50 (PP)
10. Predators , Mark Pysyk 2 (Justin Abdelkader 2, Andy Miele 1) at 17:37
Penalties :
Nick Leddy (Clb) for Hooking (Minor) at 0:38, Andy Miele (Nas) for Tripping (Minor) at 9:57, Jaden Schwartz (Nas) for Holding Stick (Minor) at 15:16
Overtime #1
11. Predators , Alexander Ovechkin 2 (Mikael Granlund 3, Ryan Mcdonagh 2) at 2:28
Penalties :
No Penalty
Goalie Stats
Jaroslav Halak (Nas), 30 saves from 35 shots - (0.857), W, 1-1-0, 62:28 minutes
Rick DiPietro (Clb), 33 saves from 39 shots - (0.846), OTL, 1-0-1, 62:28 minutes
Players Stats for Predators
Player Name G A P +/- PIM S H SB GA TA FO MP PP MP PK MP
------------------------------------------------------------------------------------
Alexander Edler 0 1 1 2 0 3 1 6 0 2 0/0 30:19 2:34 4:31
Alexander Ovechkin 1 1 2 1 0 3 1 0 0 3 0/1 22:01 2:36 1:44
Andy Miele 1 1 2 2 4 2 3 1 0 0 8/17 13:50 0:14 1:57
Anton Gustafsson 0 0 0 0 2 2 0 0 0 0 3/4 8:21 0:00 1:57
Brandon Gormley 0 0 0 0 0 0 1 0 0 0 0/0 10:03 0:00 0:00
Brendan Gallagher 0 0 0 0 2 3 1 0 0 0 0/0 16:19 1:58 0:58
Byron Bitz 0 0 0 0 0 3 1 2 0 0 2/4 10:05 0:00 2:03
Chris Higgins 0 0 0 0 0 3 0 0 0 0 0/0 6:36 0:07 0:09
Jaden Schwartz 0 0 0 0 2 2 2 0 2 0 0/2 15:55 1:58 0:37
John Moore 0 0 0 1 0 1 0 1 0 0 0/0 22:06 2:07 2:22
Justin Abdelkader 0 2 2 2 2 1 3 1 0 0 0/1 10:00 0:00 0:00
Justin Faulk 0 0 0 1 0 1 1 2 0 1 0/0 22:06 2:07 2:22
Mark Pysyk 2 0 2 2 0 2 3 0 0 0 1/1 15:59 0:00 4:02
Mikael Granlund 1 2 3 1 0 4 1 1 0 0 2/3 20:27 2:43 0:00
Nate Schmidt 0 1 1 0 0 2 0 0 0 0 0/0 10:03 0:00 0:00
Ryan Kesler 1 0 1 0 0 1 2 0 0 0 8/22 21:30 2:29 0:19
Ryan Mcdonagh 0 2 2 2 0 2 1 6 1 2 0/0 30:19 2:34 4:31
Scott Laughton 0 0 0 0 0 4 1 0 0 0 11/17 16:54 1:58 0:00
Players Stats for Blue Jackets
Player Name G A P +/- PIM S H SB GA TA FO MP PP MP PK MP
------------------------------------------------------------------------------------
Artemi Panarin 1 1 2 -2 0 5 2 2 3 0 1/5 23:50 3:52 2:43
Brandon Bollig 0 0 0 -1 2 2 1 0 0 0 0/1 13:18 0:00 0:37
Cam Fowler 0 3 3 -3 0 2 0 0 0 0 0/0 28:02 3:58 2:33
Cody Hodgson 2 0 2 0 0 2 0 1 0 1 10/18 20:41 3:01 1:35
Dennis Wideman 0 0 0 0 0 1 0 2 0 0 0/0 10:41 0:00 0:00
Devin Setoguchi 1 0 1 -1 0 5 0 0 0 0 0/1 12:27 0:00 0:00
Emerson Etem 0 0 0 0 0 0 0 0 0 0 1/2 6:20 0:00 0:31
Eric Wellwood 0 0 0 0 2 1 2 1 0 0 1/1 17:16 3:01 0:00
Martin Havlat 0 0 0 0 0 1 0 0 0 0 2/2 5:37 0:00 0:00
Max Pacioretty 0 0 0 0 0 2 0 0 1 0 0/0 20:09 3:01 1:08
Mike Lundin 1 2 3 -2 0 3 0 2 1 0 0/0 30:21 3:58 2:33
Nick Leddy 0 0 0 -1 2 1 1 2 1 1 0/0 20:53 2:55 1:11
Pavel Datsyuk 0 0 0 -1 0 2 0 0 1 0 3/5 12:29 0:00 0:00
Rob Scuderi 0 0 0 -1 0 1 1 0 0 0 0/0 21:26 2:55 2:08
Ryan Wilson 0 0 0 0 0 0 1 2 0 0 0/0 11:25 0:00 0:44
Shea Theodore 0 1 1 1 0 0 1 0 0 0 0/0 2:32 0:00 0:13
Tyler Kennedy 0 0 0 -1 0 3 2 0 1 1 0/0 19:55 3:52 0:00
Tyler Seguin 0 1 1 -2 0 4 1 1 0 0 19/37 27:46 3:52 2:48
3 Stars
1 - Mark Pysyk (Nas)
2 - Mikael Granlund (Nas)
3 - Ryan Mcdonagh (Nas)
Power Play
Predators - 1 on 3 Attempt(s) - 33.33%
Blue Jackets - 3 on 6 Attempt(s) - 50.00%
Penalty Kill
Predators - 3 on 6 Attempt(s) - 50.00%
- Score 0 goal in Penalty Kill
Blue Jackets - 2 on 3 Attempt(s) - 66.67%
- Score 0 goal in Penalty Kill
Team Stat
Predators - Hits : 22 - Faceoff Wins : 35 - Blocked Shots : 20 - Penalty Minutes : 12
Blue Jackets - Hits : 12 - Faceoff Wins : 37 - Blocked Shots : 13 - Penalty Minutes : 6
Official
Referees : Jon McIsaac and Steve Kozari
Linesman : Bevan Mills and Michel Cormier
Game Notes
No Game Note
Finance
Level 1 -- Attendance: 5592 (93.20%) -- Ticket Income $559,200
Level 2 -- Attendance: 4930 (98.60%) -- Ticket Income $295,800
Level 3 -- Attendance: 1824 (91.20%) -- Ticket Income $63,840
Level 4 -- Attendance: 4000 (100.00%) -- Ticket Income $100,000
Luxury Box -- Attendance: 910 (91.00%) -- Ticket Income $182,000
Game was played at the Nationwide arena.
Total Attendance: 17256 (95.87%)
Total Ticket Income: $1,200,840
Other Income: $180,126
Total Income: $1,380,966
Predators
5 vs 5 Forward
Center Left Wing Right Wing Time % Phy DF OF
1 Ryan Kesler Alexander Ovechkin Mikael Granlund 40 1 2 2
2 Scott Laughton Jaden Schwartz Brendan Gallagher 30 1 2 2
3 Andy Miele Justin Abdelkader Mark Pysyk 20 1 2 2
4 Anton Gustafsson Chris Higgins Byron Bitz 10 1 2 2
5 vs 5 Defense
Defense Defense Time % Phy DF OF
1 Ryan Mcdonagh Alexander Edler 40 1 2 2
2 John Moore Justin Faulk 30 1 2 2
3 Nate Schmidt Brandon Gormley 20 1 2 2
4 Ryan Mcdonagh Alexander Edler 10 1 2 2
PowerPlay Forward
Center Left Wing Right Wing Time % Phy DF OF
1 Ryan Kesler Alexander Ovechkin Mikael Granlund 60 1 1 3
2 Scott Laughton Jaden Schwartz Brendan Gallagher 40 1 1 3
PowerPlay Defense
Defense Defense Time % Phy DF OF
1 Ryan Mcdonagh Alexander Edler 60 1 1 3
2 John Moore Justin Faulk 40 1 1 3
Penalty Kill 4 Players Forward
Center Wing Time % Phy DF OF
1 Andy Miele Mark Pysyk 60 1 2 2
2 Jaden Schwartz Brendan Gallagher 40 1 2 2
Penalty Kill 4 Players Defense
Defense Defense Time % Phy DF OF
1 Ryan Mcdonagh Alexander Edler 60 1 2 2
2 John Moore Justin Faulk 40 1 2 2
Penalty Kill - 3 Players Forward
Forward Time % Phy DF OF
1 Jaden Schwartz 60 1 2 2
2 Byron Bitz 40 1 2 2
Penalty Kill - 3 Players Defense
Defense Defense Time % Phy DF OF
1 Ryan Mcdonagh Alexander Edler 60 1 3 1
2 John Moore Justin Faulk 40 1 3 1
4 vs 4 Forward
Center Wing Time % Phy DF OF
1 Mikael Granlund Alexander Ovechkin 60 1 2 2
2 Jaden Schwartz Brendan Gallagher 40 1 2 2
4 vs 4 Defense
Defense Defense Time % Phy DF OF
1 Ryan Mcdonagh Alexander Edler 60 1 2 2
2 John Moore Justin Faulk 40 1 2 2
Last Minutes Offensive
Center Left Wing Right Wing Defense Defense
Ryan Kesler Alexander Ovechkin Mikael Granlund Ryan Mcdonagh Alexander Edler
Last Minutes Defensive
Center Left Wing Right Wing Defense Defense
Andy Miele Jaden Schwartz Mark Pysyk Ryan Mcdonagh John Moore
Goaltenders
Starting : Jaroslav Halak
Backup : Kari Lehtonen
Extra Forwards
Normal : Scott Laughton, Ryan Kesler, Byron Bitz - PP : Scott Laughton, Andy Miele - PK : Byron Bitz
Extra Defensemen
Normal : Justin Faulk, Brandon Gormley, Nate Schmidt - PP : Brandon Gormley - PK : Nate Schmidt, Brandon Gormley
Penalty Shots
Alexander Ovechkin, Mikael Granlund, Jaden Schwartz, Ryan Kesler, Ryan Mcdonagh
Scratches
Jack Eichel (Bruised Right Arm Injury)
Blue Jackets
5 vs 5 Forward
Center Left Wing Right Wing Time % Phy DF OF
1 Tyler Seguin Artemi Panarin Tyler Kennedy 40 1 2 2
2 Cody Hodgson Max Pacioretty Eric Wellwood 30 1 2 2
3 Pavel Datsyuk Brandon Bollig Devin Setoguchi 20 1 2 2
4 Tyler Seguin Emerson Etem Martin Havlat 10 1 2 2
5 vs 5 Defense
Defense Defense Time % Phy DF OF
1 Mike Lundin Cam Fowler 40 1 2 2
2 Nick Leddy Rob Scuderi 30 1 2 2
3 Dennis Wideman Ryan Wilson 20 1 2 2
4 Shea Theodore Mike Lundin 10 1 2 2
PowerPlay Forward
Center Left Wing Right Wing Time % Phy DF OF
1 Tyler Seguin Artemi Panarin Tyler Kennedy 60 1 2 2
2 Cody Hodgson Max Pacioretty Eric Wellwood 40 1 2 2
PowerPlay Defense
Defense Defense Time % Phy DF OF
1 Mike Lundin Cam Fowler 60 1 2 2
2 Nick Leddy Rob Scuderi 40 1 2 2
Penalty Kill 4 Players Forward
Center Wing Time % Phy DF OF
1 Tyler Seguin Artemi Panarin 60 1 2 2
2 Cody Hodgson Max Pacioretty 40 1 2 2
Penalty Kill 4 Players Defense
Defense Defense Time % Phy DF OF
1 Mike Lundin Cam Fowler 60 1 2 2
2 Nick Leddy Rob Scuderi 40 1 2 2
Penalty Kill - 3 Players Forward
Forward Time % Phy DF OF
1 Tyler Seguin 60 1 2 2
2 Artemi Panarin 40 1 2 2
Penalty Kill - 3 Players Defense
Defense Defense Time % Phy DF OF
1 Mike Lundin Cam Fowler 60 1 2 2
2 Nick Leddy Rob Scuderi 40 1 2 2
4 vs 4 Forward
Center Wing Time % Phy DF OF
1 Tyler Seguin Artemi Panarin 60 1 2 2
2 Cody Hodgson Max Pacioretty 40 1 2 2
4 vs 4 Defense
Defense Defense Time % Phy DF OF
1 Mike Lundin Cam Fowler 60 1 2 2
2 Nick Leddy Rob Scuderi 40 1 2 2
Last Minutes Offensive
Center Left Wing Right Wing Defense Defense
Tyler Seguin Artemi Panarin Tyler Kennedy Mike Lundin Cam Fowler
Last Minutes Defensive
Center Left Wing Right Wing Defense Defense
Tyler Seguin Artemi Panarin Tyler Kennedy Mike Lundin Cam Fowler
Goaltenders
Starting : Rick DiPietro
Backup : Andrei Vasilevskiy
Extra Forwards
Normal : Pavel Datsyuk, Devin Setoguchi, Brandon Bollig - PP : Pavel Datsyuk, Devin Setoguchi - PK : Brandon Bollig
Extra Defensemen
Normal : Dennis Wideman, Ryan Wilson, Shea Theodore - PP : Dennis Wideman - PK : Ryan Wilson, Shea Theodore
Penalty Shots
Tyler Seguin, Artemi Panarin, Cody Hodgson, Max Pacioretty, Pavel Datsyuk
Scratches
Andreas Nodl (Healthy)
% Time on Ice - Predators
Lines # - Real PCT - Wanted PCT - Time Play
Normal Forward
1 - 38% - 40% - 18:28
2 - 28% - 30% - 13:40
3 - 21% - 20% - 10:01
4 - 13% - 10% - 6:17
Normal Defense
1 - 41% - 40% - 19:43
2 - 34% - 30% - 16:14
3 - 21% - 20% - 10:03
4 - 5% - 10% - 2:26
PP Forward
1 - 58% - 60% - 2:43
2 - 42% - 40% - 1:58
PP Defense
1 - 55% - 60% - 2:34
2 - 45% - 40% - 2:07
PK Forward
1 - 86% - 60% - 5:55
2 - 14% - 40% - 0:58
PK Defense
1 - 66% - 60% - 4:31
2 - 34% - 40% - 2:22
PK3 Forward
1 - 0% - 60%
2 - 0% - 40%
PK3 Defense
1 - 0% - 60%
2 - 0% - 40%
44 Forward
1 - 100% - 60% - 2:28
2 - 0% - 40% - 0:00
44 Defense
1 - 44% - 60% - 1:05
2 - 56% - 40% - 1:23
Last Minute Offensive - 0:00
Last Minute Defensive - 0:00
Total
Forward - 62:28
Defense - 62:28
|
% Time on Ice - Blue Jackets
Lines # - Real PCT - Wanted PCT - Time Play
Normal Forward
1 - 35% - 40% - 16:55
2 - 30% - 30% - 14:26
3 - 24% - 20% - 11:28
4 - 12% - 10% - 5:37
Normal Defense
1 - 42% - 40% - 20:28
2 - 31% - 30% - 14:58
3 - 22% - 20% - 10:41
4 - 5% - 10% - 2:19
PP Forward
1 - 56% - 60% - 3:52
2 - 44% - 40% - 3:01
PP Defense
1 - 58% - 60% - 3:58
2 - 42% - 40% - 2:55
PK Forward
1 - 76% - 60% - 3:33
2 - 24% - 40% - 1:08
PK Defense
1 - 54% - 60% - 2:33
2 - 46% - 40% - 2:08
PK3 Forward
1 - 0% - 60%
2 - 0% - 40%
PK3 Defense
1 - 0% - 60%
2 - 0% - 40%
44 Forward
1 - 36% - 60% - 0:54
2 - 64% - 40% - 1:34
44 Defense
1 - 43% - 60% - 1:03
2 - 57% - 40% - 1:25
Last Minute Offensive - 0:00
Last Minute Defensive - 0:00
Total
Forward - 62:28
Defense - 62:28
|
Play-by-Play
1st period
0:01 of 1st period - Ryan Kesler wins face-off versus Tyler Seguin in neutral zone.
0:08 of 1st period - Snap shot by Alexander Ovechkin.
0:08 of 1st period - Shot Misses the Net.
1:00 of 1st period - Snap shot by Mikael Granlund.
1:00 of 1st period - Shot Misses the Net.
1:20 of 1st period - Slapshot by Max Pacioretty.
1:20 of 1st period - Stopped by Jaroslav Halak with a rebound.
1:28 of 1st period - Wrist shot by Alexander Ovechkin.
1:28 of 1st period - Shot Misses the Net.
1:30 of 1st period - Slapshot by Nate Schmidt.
1:30 of 1st period - Stopped by Rick DiPietro with a rebound.
1:32 of 1st period - Snap shot by Mikael Granlund.
1:32 of 1st period - Shot Misses the Net.
1:34 of 1st period - Slapshot by Nate Schmidt.
1:34 of 1st period - Deflect By Alexander Ovechkin.
1:34 of 1st period - Stopped by Rick DiPietro with a rebound.
1:36 of 1st period - Wrist shot by Mikael Granlund.
1:36 of 1st period - Stopped by Rick DiPietro with a rebound.
1:46 of 1st period - Snap shot by Cody Hodgson.
1:46 of 1st period - Goal by Cody Hodgson - Predators : 0 - Blue Jackets : 1.
1:47 of 1st period - Scott Laughton wins face-off versus Artemi Panarin in neutral zone.
2:13 of 1st period - Andy Miele is hit by Brandon Bollig and loses puck.
2:48 of 1st period - Minor Penalty to Anton Gustafsson for Holding.
2:49 of 1st period - Tyler Seguin wins face-off versus Andy Miele in Predators zone.
3:01 of 1st period - Icing by Mike Lundin.
3:02 of 1st period - Tyler Seguin wins face-off versus Andy Miele in Blue Jackets zone.
3:15 of 1st period - Snap shot by Artemi Panarin.
3:15 of 1st period - Shot Blocked by Alexander Edler.
3:17 of 1st period - Slapshot by Cam Fowler.
3:17 of 1st period - Stopped by Jaroslav Halak without a rebound.
3:18 of 1st period - Andy Miele wins face-off versus Cody Hodgson in Predators zone.
4:35 of 1st period - Rob Scuderi is hit by Mark Pysyk and loses puck.
4:48 of 1st period - Penalty to Anton Gustafsson is over, Anton Gustafsson is back on ice.
5:12 of 1st period - Minor Penalty to Brandon Bollig for Hooking.
5:13 of 1st period - Ryan Kesler wins face-off versus Tyler Seguin in Blue Jackets zone.
7:12 of 1st period - Penalty to Brandon Bollig is over, Brandon Bollig is back on ice.
7:34 of 1st period - Snap shot by Mark Pysyk.
7:34 of 1st period - Goal by Mark Pysyk - Predators : 1 - Blue Jackets : 1.
7:35 of 1st period - Tyler Seguin wins face-off versus Andy Miele in neutral zone.
7:50 of 1st period - Snap shot by Artemi Panarin.
7:50 of 1st period - Shot Blocked by Andy Miele.
8:15 of 1st period - Pavel Datsyuk is hit by Alexander Ovechkin.
8:47 of 1st period - Snap shot by Chris Higgins.
8:47 of 1st period - Deflect By Artemi Panarin.
8:47 of 1st period - Shot Misses the Net.
8:47 of 1st period - Puck is out of play.
8:48 of 1st period - Anton Gustafsson wins face-off versus Tyler Seguin in Blue Jackets zone.
9:09 of 1st period - Off-side.
9:10 of 1st period - Cody Hodgson wins face-off versus Scott Laughton in neutral zone.
9:41 of 1st period - Alexander Edler is hit by Artemi Panarin and loses puck.
9:52 of 1st period - Wrist shot by Artemi Panarin.
9:52 of 1st period - Stopped by Jaroslav Halak with a rebound.
10:28 of 1st period - Slapshot by Nick Leddy.
10:28 of 1st period - Stopped by Jaroslav Halak with a rebound.
10:30 of 1st period - Slapshot by Rob Scuderi.
10:30 of 1st period - Stopped by Jaroslav Halak without a rebound.
10:31 of 1st period - Emerson Etem wins face-off versus Anton Gustafsson in Predators zone.
10:44 of 1st period - Wrist shot by Anton Gustafsson.
10:44 of 1st period - Stopped by Rick DiPietro without a rebound.
10:45 of 1st period - Scott Laughton wins face-off versus Artemi Panarin in Blue Jackets zone.
10:48 of 1st period - Snap shot by Brendan Gallagher.
10:48 of 1st period - Stopped by Rick DiPietro without a rebound.
10:49 of 1st period - Scott Laughton wins face-off versus Tyler Seguin in Blue Jackets zone.
12:08 of 1st period - Snap shot by Ryan Mcdonagh.
12:08 of 1st period - Stopped by Rick DiPietro without a rebound.
12:09 of 1st period - Tyler Seguin wins face-off versus Scott Laughton in Blue Jackets zone.
12:20 of 1st period - Slapshot by Artemi Panarin.
12:20 of 1st period - Stopped by Jaroslav Halak without a rebound.
12:21 of 1st period - Scott Laughton wins face-off versus Artemi Panarin in Predators zone.
12:21 of 1st period - Scott Laughton is hit by Tyler Seguin.
12:31 of 1st period - Ryan Mcdonagh is hit by Artemi Panarin and loses puck.
12:48 of 1st period - Snap shot by Pavel Datsyuk.
12:48 of 1st period - Shot Blocked by Ryan Mcdonagh.
13:07 of 1st period - Snap shot by Jaden Schwartz.
13:07 of 1st period - Shot Misses the Net.
13:15 of 1st period - Wrist shot by Brendan Gallagher.
13:15 of 1st period - Shot Misses the Net.
13:17 of 1st period - Snap shot by Scott Laughton.
13:17 of 1st period - Stopped by Rick DiPietro without a rebound.
13:18 of 1st period - Ryan Kesler wins face-off versus Tyler Seguin in Blue Jackets zone.
13:27 of 1st period - Wrist shot by Mikael Granlund.
13:27 of 1st period - Shot Blocked by Artemi Panarin.
13:29 of 1st period - Wrist shot by Alexander Ovechkin.
13:29 of 1st period - Shot Blocked by Artemi Panarin.
13:31 of 1st period - Slapshot by Nate Schmidt.
13:31 of 1st period - Shot Blocked by Mike Lundin.
13:33 of 1st period - Slapshot by Alexander Ovechkin.
13:33 of 1st period - Deflect By Tyler Seguin.
13:33 of 1st period - Shot Misses the Net.
13:33 of 1st period - Puck is out of play.
13:34 of 1st period - Cody Hodgson wins face-off versus Andy Miele in Blue Jackets zone.
13:34 of 1st period - Cody Hodgson is hit by Justin Faulk.
14:08 of 1st period - Backhand shot by Artemi Panarin.
14:08 of 1st period - Shot Misses the Net.
14:25 of 1st period - Off-side.
14:26 of 1st period - Pavel Datsyuk wins face-off versus Scott Laughton in neutral zone.
14:58 of 1st period - Nick Leddy is hit by Mark Pysyk and loses puck.
15:10 of 1st period - Off-side.
15:11 of 1st period - Cody Hodgson wins face-off versus Ryan Kesler in neutral zone.
15:20 of 1st period - Snap shot by Mike Lundin.
15:20 of 1st period - Stopped by Jaroslav Halak with a rebound.
15:53 of 1st period - Wrist shot by Mikael Granlund.
15:53 of 1st period - Goal by Mikael Granlund - Predators : 2 - Blue Jackets : 1.
15:54 of 1st period - Tyler Seguin wins face-off versus Scott Laughton in neutral zone.
16:33 of 1st period - Wrist shot by Max Pacioretty.
16:33 of 1st period - Shot Misses the Net.
16:50 of 1st period - Wrist shot by Brandon Bollig.
16:50 of 1st period - Stopped by Jaroslav Halak with a rebound.
16:52 of 1st period - Slapshot by Mike Lundin.
16:52 of 1st period - Shot Blocked by Alexander Edler.
16:54 of 1st period - Backhand shot by Cam Fowler.
16:54 of 1st period - Shot Blocked by Ryan Mcdonagh.
17:08 of 1st period - Snap shot by Byron Bitz.
17:08 of 1st period - Stopped by Rick DiPietro without a rebound.
17:09 of 1st period - Anton Gustafsson wins face-off versus Cody Hodgson in Blue Jackets zone.
17:40 of 1st period - Wrist shot by Anton Gustafsson.
17:40 of 1st period - Stopped by Rick DiPietro without a rebound.
17:41 of 1st period - Tyler Seguin wins face-off versus Ryan Kesler in Blue Jackets zone.
17:41 of 1st period - Tyler Seguin is hit by Ryan Kesler.
18:26 of 1st period - Snap shot by Eric Wellwood.
18:26 of 1st period - Shot Misses the Net.
18:28 of 1st period - Slapshot by Mike Lundin.
18:28 of 1st period - Shot Blocked by John Moore.
18:30 of 1st period - Slapshot by Cam Fowler.
18:30 of 1st period - Stopped by Jaroslav Halak with a rebound.
18:56 of 1st period - Wrist shot by Byron Bitz.
18:56 of 1st period - Stopped by Rick DiPietro without a rebound.
18:57 of 1st period - Tyler Seguin wins face-off versus Mikael Granlund in Blue Jackets zone.
18:57 of 1st period - Tyler Seguin is hit by Ryan Kesler.
19:05 of 1st period - Alexander Edler is hit by Ryan Wilson and loses puck.
19:15 of 1st period - Icing by Artemi Panarin.
19:16 of 1st period - Scott Laughton wins face-off versus Tyler Seguin in Blue Jackets zone.
19:31 of 1st period - Slapshot by Scott Laughton.
19:31 of 1st period - Stopped by Rick DiPietro with a rebound.
Goals for this period are 2 for Predators vs 1 for Blue Jackets.
Shots for this period are 13 for Predators vs 10 for Blue Jackets.
2nd period
0:01 of 2nd period - Tyler Seguin wins face-off versus Ryan Kesler in neutral zone.
0:12 of 2nd period - Slapshot by Artemi Panarin.
0:12 of 2nd period - Shot Blocked by Ryan Mcdonagh.
0:14 of 2nd period - Snap shot by Tyler Seguin.
0:14 of 2nd period - Shot Misses the Net.
0:16 of 2nd period - Backhand shot by Tyler Seguin.
0:16 of 2nd period - Stopped by Jaroslav Halak without a rebound.
0:17 of 2nd period - Cody Hodgson wins face-off versus Jaden Schwartz in Predators zone.
0:21 of 2nd period - Minor Penalty to Brendan Gallagher for Hooking.
0:22 of 2nd period - Andy Miele wins face-off versus Artemi Panarin in Predators zone.
0:30 of 2nd period - Snap shot by Cam Fowler.
0:30 of 2nd period - Shot Blocked by Ryan Mcdonagh.
0:32 of 2nd period - Backhand shot by Tyler Seguin.
0:32 of 2nd period - Stopped by Jaroslav Halak with a rebound.
0:34 of 2nd period - Wrist shot by Artemi Panarin.
0:34 of 2nd period - Goal by Artemi Panarin - Predators : 2 - Blue Jackets : 2.
0:35 of 2nd period - Tyler Seguin wins face-off versus Ryan Kesler in neutral zone.
0:49 of 2nd period - Snap shot by Artemi Panarin.
0:49 of 2nd period - Shot Blocked by Alexander Edler.
0:51 of 2nd period - Snap shot by Tyler Seguin.
0:51 of 2nd period - Shot Blocked by Ryan Mcdonagh.
1:18 of 2nd period - Eric Wellwood is hit by Ryan Mcdonagh and loses puck.
1:31 of 2nd period - Wrist shot by Devin Setoguchi.
1:31 of 2nd period - Stopped by Jaroslav Halak with a rebound.
1:37 of 2nd period - Slapshot by Devin Setoguchi.
1:37 of 2nd period - Shot Misses the Net.
1:39 of 2nd period - Snap shot by Devin Setoguchi.
1:39 of 2nd period - Stopped by Jaroslav Halak without a rebound.
1:40 of 2nd period - Ryan Kesler wins face-off versus Tyler Seguin in Predators zone.
1:40 of 2nd period - Ryan Kesler is hit by Tyler Kennedy.
2:08 of 2nd period - Wrist shot by Brandon Bollig.
2:08 of 2nd period - Stopped by Jaroslav Halak with a rebound.
2:10 of 2nd period - Snap shot by Pavel Datsyuk.
2:10 of 2nd period - Stopped by Jaroslav Halak without a rebound.
2:11 of 2nd period - Cody Hodgson wins face-off versus Scott Laughton in Predators zone.
3:01 of 2nd period - Wrist shot by Brendan Gallagher.
3:01 of 2nd period - Shot Blocked by Dennis Wideman.
3:03 of 2nd period - Slapshot by John Moore.
3:03 of 2nd period - Shot Blocked by Ryan Wilson.
3:05 of 2nd period - Snap shot by Scott Laughton.
3:05 of 2nd period - Shot Misses the Net.
3:07 of 2nd period - Slapshot by Justin Faulk.
3:07 of 2nd period - Deflect By Brendan Gallagher.
3:07 of 2nd period - Shot Misses the Net.
3:07 of 2nd period - Puck is out of play.
3:08 of 2nd period - Tyler Seguin wins face-off versus Ryan Kesler in Blue Jackets zone.
3:39 of 2nd period - Wrist shot by Devin Setoguchi.
3:39 of 2nd period - Stopped by Jaroslav Halak with a rebound.
3:41 of 2nd period - Wrist shot by Devin Setoguchi.
3:41 of 2nd period - Goal by Devin Setoguchi - Predators : 2 - Blue Jackets : 3.
3:42 of 2nd period - Ryan Kesler wins face-off versus Tyler Seguin in neutral zone.
4:25 of 2nd period - Minor Penalty to Eric Wellwood for Hooking.
4:26 of 2nd period - Tyler Seguin wins face-off versus Alexander Ovechkin in Blue Jackets zone.
4:26 of 2nd period - Tyler Seguin is hit by Alexander Edler.
4:56 of 2nd period - Slapshot by Alexander Edler.
4:56 of 2nd period - Deflect By Jaden Schwartz.
4:56 of 2nd period - Shot Misses the Net.
4:56 of 2nd period - Puck is out of play.
4:57 of 2nd period - Tyler Seguin wins face-off versus Ryan Kesler in Blue Jackets zone.
5:08 of 2nd period - Wrist shot by Ryan Kesler.
5:08 of 2nd period - Goal by Ryan Kesler - Predators : 3 - Blue Jackets : 3.
5:09 of 2nd period - Tyler Seguin wins face-off versus Ryan Kesler in neutral zone.
5:12 of 2nd period - Ryan Kesler is hit by Tyler Kennedy and loses puck.
6:25 of 2nd period - Slapshot by Alexander Ovechkin.
6:25 of 2nd period - Shot Misses the Net.
6:36 of 2nd period - Icing by Ryan Mcdonagh.
6:37 of 2nd period - Cody Hodgson wins face-off versus Ryan Kesler in Predators zone.
6:50 of 2nd period - Wrist shot by Eric Wellwood.
6:50 of 2nd period - Shot Misses the Net.
7:10 of 2nd period - Snap shot by Ryan Kesler.
7:10 of 2nd period - Shot Blocked by Nick Leddy.
7:12 of 2nd period - Slapshot by Ryan Mcdonagh.
7:12 of 2nd period - Shot Misses the Net.
7:14 of 2nd period - Snap shot by Alexander Edler.
7:14 of 2nd period - Stopped by Rick DiPietro without a rebound.
7:15 of 2nd period - Pavel Datsyuk wins face-off versus Jaden Schwartz in Blue Jackets zone.
7:15 of 2nd period - Pavel Datsyuk is hit by Jaden Schwartz.
7:27 of 2nd period - Snap shot by Pavel Datsyuk.
7:27 of 2nd period - Shot Misses the Net.
7:41 of 2nd period - Devin Setoguchi is hit by Byron Bitz and loses puck.
8:08 of 2nd period - Max Pacioretty is hit by Andy Miele and loses puck.
8:20 of 2nd period - Icing by Ryan Wilson.
8:21 of 2nd period - Scott Laughton wins face-off versus Emerson Etem in Blue Jackets zone.
8:44 of 2nd period - Mike Lundin is hit by Justin Abdelkader and loses puck.
9:11 of 2nd period - Snap shot by Chris Higgins.
9:11 of 2nd period - Stopped by Rick DiPietro with a rebound.
9:23 of 2nd period - Nick Leddy is hit by Jaden Schwartz and loses puck.
9:30 of 2nd period - Wrist shot by Jaden Schwartz.
9:30 of 2nd period - Shot Misses the Net.
9:32 of 2nd period - Slapshot by Nate Schmidt.
9:32 of 2nd period - Deflect By Scott Laughton.
9:32 of 2nd period - Stopped by Rick DiPietro without a rebound.
9:33 of 2nd period - Eric Wellwood wins face-off versus Andy Miele in Blue Jackets zone.
9:38 of 2nd period - Slapshot by Nick Leddy.
9:38 of 2nd period - Deflect By Max Pacioretty.
9:38 of 2nd period - Shot Misses the Net.
9:38 of 2nd period - Puck is out of play.
9:39 of 2nd period - Andy Miele wins face-off versus Cody Hodgson in Predators zone.
9:39 of 2nd period - Andy Miele is hit by Nick Leddy.
9:51 of 2nd period - Slapshot by Alexander Edler.
9:51 of 2nd period - Stopped by Rick DiPietro with a rebound.
9:53 of 2nd period - Snap shot by Andy Miele.
9:53 of 2nd period - Goal by Andy Miele - Predators : 4 - Blue Jackets : 3.
9:54 of 2nd period - Ryan Kesler wins face-off versus Tyler Seguin in neutral zone.
10:07 of 2nd period - Slapshot by Cam Fowler.
10:07 of 2nd period - Deflect By Artemi Panarin.
10:07 of 2nd period - Shot Blocked by Mikael Granlund.
10:07 of 2nd period - Puck is out of play.
10:08 of 2nd period - Scott Laughton wins face-off versus Tyler Seguin in Predators zone.
10:42 of 2nd period - Wrist shot by Max Pacioretty.
10:42 of 2nd period - Stopped by Jaroslav Halak without a rebound.
10:43 of 2nd period - Artemi Panarin wins face-off versus Andy Miele in Predators zone.
10:46 of 2nd period - Snap shot by Tyler Seguin.
10:46 of 2nd period - Stopped by Jaroslav Halak with a rebound.
10:48 of 2nd period - Slapshot by Rob Scuderi.
10:48 of 2nd period - Shot Misses the Net.
10:50 of 2nd period - Wrist shot by Tyler Seguin.
10:50 of 2nd period - Shot Hit the Post.
10:52 of 2nd period - Slapshot by Tyler Seguin.
10:52 of 2nd period - Deflect By Tyler Kennedy.
10:52 of 2nd period - Stopped by Jaroslav Halak without a rebound.
10:53 of 2nd period - Tyler Seguin wins face-off versus Justin Abdelkader in Predators zone.
11:05 of 2nd period - Minor Penalty to Justin Abdelkader for Hooking.
11:06 of 2nd period - Andy Miele wins face-off versus Tyler Seguin in Predators zone.
11:14 of 2nd period - Wrist shot by Mike Lundin.
11:14 of 2nd period - Goal by Mike Lundin - Predators : 4 - Blue Jackets : 4.
11:15 of 2nd period - Tyler Seguin wins face-off versus Ryan Kesler in neutral zone.
11:47 of 2nd period - Slapshot by Nick Leddy.
11:47 of 2nd period - Shot Blocked by Alexander Edler.
11:49 of 2nd period - Slapshot by Cody Hodgson.
11:49 of 2nd period - Shot Blocked by Alexander Edler.
11:53 of 2nd period - Wrist shot by Eric Wellwood.
11:53 of 2nd period - Stopped by Jaroslav Halak without a rebound.
11:54 of 2nd period - Mark Pysyk wins face-off versus Tyler Seguin in Predators zone.
11:56 of 2nd period - Minor Penalty to Andy Miele for High sticking.
11:57 of 2nd period - Tyler Seguin wins face-off versus Byron Bitz in Predators zone.
12:01 of 2nd period - Wrist shot by Tyler Seguin.
12:01 of 2nd period - Shot Hit the Post.
12:03 of 2nd period - Snap shot by Mike Lundin.
12:03 of 2nd period - Shot Misses the Net.
12:05 of 2nd period - Slapshot by Cam Fowler.
12:05 of 2nd period - Shot Blocked by Alexander Edler.
12:07 of 2nd period - Snap shot by Tyler Kennedy.
12:07 of 2nd period - Stopped by Jaroslav Halak with a rebound.
12:23 of 2nd period - Cam Fowler is hit by Mark Pysyk and loses puck.
13:56 of 2nd period - Penalty to Andy Miele is over, Andy Miele is back on ice.
14:51 of 2nd period - Shea Theodore is hit by Brandon Gormley and loses puck.
15:33 of 2nd period - Rob Scuderi is hit by Andy Miele and loses puck.
16:19 of 2nd period - Icing by Rob Scuderi.
16:20 of 2nd period - Tyler Seguin wins face-off versus Scott Laughton in Blue Jackets zone.
16:20 of 2nd period - Tyler Seguin is hit by Scott Laughton.
16:48 of 2nd period - Snap shot by Artemi Panarin.
16:48 of 2nd period - Stopped by Jaroslav Halak with a rebound.
18:05 of 2nd period - Wrist shot by Byron Bitz.
18:05 of 2nd period - Stopped by Rick DiPietro with a rebound.
18:07 of 2nd period - Wrist shot by Chris Higgins.
18:07 of 2nd period - Stopped by Rick DiPietro with a rebound.
18:09 of 2nd period - Wrist shot by Byron Bitz.
18:09 of 2nd period - Shot Blocked by Ryan Wilson.
18:11 of 2nd period - Slapshot by Nate Schmidt.
18:11 of 2nd period - Deflect By Chris Higgins.
18:11 of 2nd period - Shot Blocked by Eric Wellwood.
18:11 of 2nd period - Puck is out of play.
18:12 of 2nd period - Tyler Seguin wins face-off versus Ryan Kesler in Blue Jackets zone.
18:44 of 2nd period - Slapshot by Dennis Wideman.
18:44 of 2nd period - Stopped by Jaroslav Halak with a rebound.
18:48 of 2nd period - Snap shot by Pavel Datsyuk.
18:48 of 2nd period - Stopped by Jaroslav Halak without a rebound.
18:49 of 2nd period - Scott Laughton wins face-off versus Cody Hodgson in Predators zone.
18:54 of 2nd period - Jaden Schwartz is hit by Eric Wellwood and loses puck.
18:59 of 2nd period - Wrist shot by Eric Wellwood.
18:59 of 2nd period - Shot Misses the Net.
19:01 of 2nd period - Wrist shot by Cody Hodgson.
19:01 of 2nd period - Shot Blocked by Justin Faulk.
19:03 of 2nd period - Wrist shot by Dennis Wideman.
19:03 of 2nd period - Shot Misses the Net.
19:05 of 2nd period - Wrist shot by Max Pacioretty.
19:05 of 2nd period - Shot Misses the Net.
19:37 of 2nd period - Mike Lundin is hit by Justin Abdelkader and loses puck.
Goals for this period are 2 for Predators vs 3 for Blue Jackets.
Shots for this period are 8 for Predators vs 18 for Blue Jackets.
3rd period
0:01 of 3rd period - Ryan Kesler wins face-off versus Tyler Seguin in neutral zone.
0:10 of 3rd period - Wrist shot by Alexander Ovechkin.
0:10 of 3rd period - Stopped by Rick DiPietro with a rebound.
0:30 of 3rd period - Snap shot by Alexander Edler.
0:30 of 3rd period - Stopped by Rick DiPietro with a rebound.
0:32 of 3rd period - Wrist shot by Brendan Gallagher.
0:32 of 3rd period - Stopped by Rick DiPietro with a rebound.
0:34 of 3rd period - Snap shot by Brendan Gallagher.
0:34 of 3rd period - Stopped by Rick DiPietro without a rebound.
0:35 of 3rd period - Scott Laughton wins face-off versus Cody Hodgson in Blue Jackets zone.
0:36 of 3rd period - Wrist shot by Jaden Schwartz.
0:36 of 3rd period - Stopped by Rick DiPietro with a rebound.
0:38 of 3rd period - Minor Penalty to Nick Leddy for Hooking.
0:39 of 3rd period - Tyler Seguin wins face-off versus Ryan Kesler in Blue Jackets zone.
2:38 of 3rd period - Penalty to Nick Leddy is over, Nick Leddy is back on ice.
3:08 of 3rd period - Tyler Seguin is hit by Andy Miele and loses puck.
3:17 of 3rd period - Wrist shot by Andy Miele.
3:17 of 3rd period - Stopped by Rick DiPietro with a rebound.
4:08 of 3rd period - Ryan Kesler is hit by Rob Scuderi and loses puck.
4:20 of 3rd period - Justin Faulk is hit by Shea Theodore and loses puck.
5:09 of 3rd period - Snap shot by Chris Higgins.
5:09 of 3rd period - Shot Blocked by Dennis Wideman.
5:27 of 3rd period - Snap shot by Martin Havlat.
5:27 of 3rd period - Deflect By Emerson Etem.
5:27 of 3rd period - Shot Blocked by Justin Abdelkader.
5:27 of 3rd period - Puck is out of play.
5:28 of 3rd period - Andy Miele wins face-off versus Brandon Bollig in Predators zone.
6:17 of 3rd period - Wrist shot by Chris Higgins.
6:17 of 3rd period - Shot Misses the Net.
6:19 of 3rd period - Wrist shot by John Moore.
6:19 of 3rd period - Shot Misses the Net.
6:21 of 3rd period - Wrist shot by Byron Bitz.
6:21 of 3rd period - Shot Misses the Net.
6:47 of 3rd period - Wrist shot by Jaden Schwartz.
6:47 of 3rd period - Stopped by Rick DiPietro with a rebound.
7:00 of 3rd period - Off-side.
7:01 of 3rd period - Ryan Kesler wins face-off versus Tyler Seguin in neutral zone.
7:14 of 3rd period - Snap shot by Martin Havlat.
7:14 of 3rd period - Shot Misses the Net.
7:24 of 3rd period - Wrist shot by Devin Setoguchi.
7:24 of 3rd period - Stopped by Jaroslav Halak without a rebound.
7:25 of 3rd period - Scott Laughton wins face-off versus Devin Setoguchi in Predators zone.
8:14 of 3rd period - Slapshot by Justin Faulk.
8:14 of 3rd period - Stopped by Rick DiPietro without a rebound.
8:15 of 3rd period - Anton Gustafsson wins face-off versus Cody Hodgson in Blue Jackets zone.
8:30 of 3rd period - Snap shot by Chris Higgins.
8:30 of 3rd period - Stopped by Rick DiPietro with a rebound.
8:49 of 3rd period - Slapshot by Nate Schmidt.
8:49 of 3rd period - Stopped by Rick DiPietro with a rebound.
8:51 of 3rd period - Slapshot by Brandon Gormley.
8:51 of 3rd period - Shot Misses the Net.
9:22 of 3rd period - Snap shot by Martin Havlat.
9:22 of 3rd period - Stopped by Jaroslav Halak without a rebound.
9:23 of 3rd period - Martin Havlat wins face-off versus Andy Miele in Predators zone.
9:52 of 3rd period - Snap shot by Tyler Seguin.
9:52 of 3rd period - Shot Hit the Post.
9:57 of 3rd period - Minor Penalty to Andy Miele for Tripping.
9:58 of 3rd period - Byron Bitz wins face-off versus Cody Hodgson in Predators zone.
10:36 of 3rd period - Off-side.
10:37 of 3rd period - Byron Bitz wins face-off versus Tyler Seguin in neutral zone.
11:13 of 3rd period - Snap shot by Nick Leddy.
11:13 of 3rd period - Shot Misses the Net.
11:57 of 3rd period - Penalty to Andy Miele is over, Andy Miele is back on ice.
12:29 of 3rd period - Snap shot by Tyler Seguin.
12:29 of 3rd period - Shot Misses the Net.
12:41 of 3rd period - Snap shot by Artemi Panarin.
12:41 of 3rd period - Shot Misses the Net.
12:43 of 3rd period - Snap shot by Tyler Seguin.
12:43 of 3rd period - Stopped by Jaroslav Halak with a rebound.
12:45 of 3rd period - Slapshot by Rob Scuderi.
12:45 of 3rd period - Shot Blocked by Justin Faulk.
12:47 of 3rd period - Snap shot by Tyler Kennedy.
12:47 of 3rd period - Shot Misses the Net.
12:55 of 3rd period - Wrist shot by Artemi Panarin.
12:55 of 3rd period - Stopped by Jaroslav Halak with a rebound.
12:57 of 3rd period - Snap shot by Tyler Kennedy.
12:57 of 3rd period - Stopped by Jaroslav Halak with a rebound.
13:21 of 3rd period - Snap shot by Tyler Kennedy.
13:21 of 3rd period - Shot Misses the Net.
13:23 of 3rd period - Snap shot by Tyler Seguin.
13:23 of 3rd period - Shot Misses the Net.
13:25 of 3rd period - Slapshot by Nick Leddy.
13:25 of 3rd period - Deflect By Tyler Seguin.
13:25 of 3rd period - Shot Misses the Net.
13:25 of 3rd period - Puck is out of play.
13:26 of 3rd period - Cody Hodgson wins face-off versus Ryan Kesler in Predators zone.
13:39 of 3rd period - Wrist shot by Cody Hodgson.
13:39 of 3rd period - Shot Blocked by Ryan Mcdonagh.
13:41 of 3rd period - Wrist shot by Cody Hodgson.
13:41 of 3rd period - Shot Misses the Net.
13:43 of 3rd period - Slapshot by Mike Lundin.
13:43 of 3rd period - Shot Misses the Net.
13:53 of 3rd period - Devin Setoguchi is hit by Brendan Gallagher.
14:10 of 3rd period - Icing by Cam Fowler.
14:11 of 3rd period - Cody Hodgson wins face-off versus Ryan Kesler in Blue Jackets zone.
14:16 of 3rd period - Slapshot by Mike Lundin.
14:16 of 3rd period - Stopped by Jaroslav Halak with a rebound.
15:16 of 3rd period - Minor Penalty to Jaden Schwartz for Holding Stick.
15:17 of 3rd period - Cody Hodgson wins face-off versus Andy Miele in Predators zone.
15:33 of 3rd period - Icing by Cam Fowler.
15:34 of 3rd period - Cody Hodgson wins face-off versus Byron Bitz in Blue Jackets zone.
15:46 of 3rd period - Wrist shot by Cody Hodgson.
15:46 of 3rd period - Shot Blocked by Byron Bitz.
15:48 of 3rd period - Slapshot by Cam Fowler.
15:48 of 3rd period - Shot Blocked by Byron Bitz.
15:50 of 3rd period - Snap shot by Mike Lundin.
15:50 of 3rd period - Deflect By Cody Hodgson.
15:50 of 3rd period - Goal by Cody Hodgson - Predators : 4 - Blue Jackets : 5.
15:51 of 3rd period - Andy Miele wins face-off versus Pavel Datsyuk in neutral zone.
15:54 of 3rd period - Backhand shot by Ryan Mcdonagh.
15:54 of 3rd period - Shot Misses the Net.
16:08 of 3rd period - Pavel Datsyuk is hit by Justin Abdelkader.
16:09 of 3rd period - Icing by Pavel Datsyuk.
16:10 of 3rd period - Pavel Datsyuk wins face-off versus Ryan Kesler in Blue Jackets zone.
16:10 of 3rd period - Brandon Bollig is hit by Mikael Granlund and loses puck.
16:51 of 3rd period - Wrist shot by Mikael Granlund.
16:51 of 3rd period - Stopped by Rick DiPietro with a rebound.
17:30 of 3rd period - Wrist shot by Mikael Granlund.
17:30 of 3rd period - Stopped by Rick DiPietro with a rebound.
17:33 of 3rd period - Icing by Mike Lundin.
17:34 of 3rd period - Andy Miele wins face-off versus Pavel Datsyuk in Blue Jackets zone.
17:37 of 3rd period - Slapshot by Mark Pysyk.
17:37 of 3rd period - Goal by Mark Pysyk - Predators : 5 - Blue Jackets : 5.
17:38 of 3rd period - Andy Miele wins face-off versus Tyler Seguin in neutral zone.
17:41 of 3rd period - Wrist shot by Justin Abdelkader.
17:41 of 3rd period - Stopped by Rick DiPietro without a rebound.
17:42 of 3rd period - Martin Havlat wins face-off versus Andy Miele in Blue Jackets zone.
18:46 of 3rd period - Justin Faulk is hit by Eric Wellwood and loses puck.
Goals for this period are 1 for Predators vs 1 for Blue Jackets.
Shots for this period are 14 for Predators vs 7 for Blue Jackets.
Overtime #1
0:01 of 1st overtime period - Mikael Granlund wins face-off versus Tyler Seguin in neutral zone.
0:16 of 1st overtime period - Snap shot by Mikael Granlund.
0:16 of 1st overtime period - Shot Misses the Net.
0:45 of 1st overtime period - Off-side.
0:46 of 1st overtime period - Scott Laughton wins face-off versus Cody Hodgson in neutral zone.
0:49 of 1st overtime period - Slapshot by Alexander Edler.
0:49 of 1st overtime period - Shot Misses the Net.
0:51 of 1st overtime period - Slapshot by Scott Laughton.
0:51 of 1st overtime period - Stopped by Rick DiPietro with a rebound.
0:53 of 1st overtime period - Snap shot by Ryan Mcdonagh.
0:53 of 1st overtime period - Deflect By Max Pacioretty.
0:53 of 1st overtime period - Stopped by Rick DiPietro with a rebound.
0:55 of 1st overtime period - Slapshot by Alexander Edler.
0:55 of 1st overtime period - Shot Blocked by Cody Hodgson.
1:05 of 1st overtime period - Wrist shot by Scott Laughton.
1:05 of 1st overtime period - Shot Misses the Net.
1:07 of 1st overtime period - Slapshot by Alexander Edler.
1:07 of 1st overtime period - Shot Blocked by Nick Leddy.
1:09 of 1st overtime period - Snap shot by Scott Laughton.
1:09 of 1st overtime period - Shot Misses the Net.
1:46 of 1st overtime period - Snap shot by Ryan Kesler.
1:46 of 1st overtime period - Shot Misses the Net.
2:10 of 1st overtime period - Wrist shot by John Moore.
2:10 of 1st overtime period - Stopped by Rick DiPietro without a rebound.
2:11 of 1st overtime period - Mikael Granlund wins face-off versus Tyler Seguin in Blue Jackets zone.
2:14 of 1st overtime period - Wrist shot by Mikael Granlund.
2:14 of 1st overtime period - Shot Misses the Net.
2:16 of 1st overtime period - Wrist shot by Ryan Mcdonagh.
2:16 of 1st overtime period - Shot Blocked by Mike Lundin.
2:18 of 1st overtime period - Wrist shot by Alexander Ovechkin.
2:18 of 1st overtime period - Shot Blocked by Tyler Seguin.
2:28 of 1st overtime period - Wrist shot by Mikael Granlund.
2:28 of 1st overtime period - Deflect By Alexander Ovechkin.
2:28 of 1st overtime period - Goal by Alexander Ovechkin - Predators : 6 - Blue Jackets : 5.
Goals for this period are 1 for Predators vs 0 for Blue Jackets.
Shots for this period are 4 for Predators vs 0 for Blue Jackets.